 Dungeon Crawl Stone Soup version 0.31-a0-1074-g0b22e4e0f1 (webtiles) character file.

Game seed: 15748194390072532861

59875 Frenzy the Warrior (level 14, -5/219 HPs)
             Began as a Minotaur Fighter on Dec 8, 2023.
             Was an Elder of Ashenzari.
             Slain by a manticore (13 damage)
             ... on level 9 of the Dungeon.
             The game lasted 01:13:50 (12251 turns).

Frenzy the Warrior (Minotaur Fighter)              Turns: 12251, Time: 01:13:53

Health: -5/219     AC: 19    Str: 25    XL:     14   Next: 54%
Magic:  18/18      EV:  2    Int:  5    God:    Ashenzari [****..]
Gold:   1713       SH:  0    Dex: 11    Spells: 17/20 levels left

rFire   . . .        B - +4 flail "Loss of Ashenzari" {spect, Melee, Dev} (curse)
rCold   . . .        c - +0 buckler
rNeg    . . .        w - melded +0 chain mail
rPois   +            y - melded +2 hat "Scepticism of Ashenzari" {Cun, Bglg} (curse)
rElec   .            (cloak currently unavailable)
rCorr   +            j - melded +4 pair of gloves of Ashenzari's Augurer {rPois Str+4 Stlth+, Cun, Fort} (curse)
SInv    +            I - melded +1 pair of boots "Circumscribed Adversity" {Melee, Alch} (curse)
Will    ++...        m - amulet of the Sublime Scepticism {Regen+, Melee, Cun} (curse)
Stlth   +            n - ring of the Chained Sky {rCorr, Fort, Range} (curse)
HPRegen 1.36/turn    K - ring "Visionary of Ashenzari" {Will+, Self, Cun} (curse)
MPRegen 0.16/turn

%: clarity
@: confused, tree-form, ambrosia-drunk, spiked, corroded, on berserk cooldown,
slowed, very slow
A: stationary, stasis, torment immunity, boosted hp, (horns 2), (retaliatory
headbutt)
a: Renounce Religion, Curse Item, Shatter the Chains


You were on level 9 of the Dungeon.
You worshipped Ashenzari.
Ashenzari was greatly pleased with you.
You were a tree.
You visited 3 branches of the dungeon, and saw 15 of its levels.
You also visited: Bailey.

You collected 1749 gold pieces.
You spent 36 gold pieces at shops.

Inventory:

Hand Weapons
 a - a +1 spectral flail
 s - a +3 great mace of protection
 v - a +0 vampiric long sword
 x - the +6 hand axe of Antime {heavy, Dex+3}
   (You found it on level 4 of the Dungeon)

   Dex+3:     It affects your dexterity (+3).
 B - the cursed +4 flail "Loss of Ashenzari" (weapon) {spect, Melee, Dev}
   (You took it off a wight on level 8 of the Dungeon)

   It has a curse which improves the following skills: Melee Combat: Short
   Blades, Long Blades, Axes, Maces & Flails, Polearms, Staves and Unarmed
   Combat.
   Devices:   Evocations and Shapeshifting.
 O - a +0 triple crossbow
 U - a +5 great sword of freezing
Armour
 b - a +0 scale mail
 c - a +0 buckler (worn)
 d - an orb of guile
 h - a +0 pair of gloves
 j - the cursed +4 pair of gloves of Ashenzari's Augurer (melded) {rPois Str+4 Stlth+, Cun, Fort}
   (You acquired it on level 2 of the Dungeon)

   Str+4:     It affects your strength (+4).
   rPois:     It protects you from poison Stlth+: It makes you more stealthy.
   It has a curse which improves the following skills: Cunning: Dodging and
   Stealth.
   Fortitude: Armour and Shields.
 q - a +0 helmet
 w - a +0 chain mail (melded)
 y - the cursed +2 hat "Scepticism of Ashenzari" (melded) {Cun, Bglg}
   (You found it on level 4 of the Dungeon)

   It has a curse which improves the following skills: Cunning: Dodging and
   Stealth.
   Beguiling: Conjurations, Hexes and Translocations.
 I - the cursed +1 pair of boots "Circumscribed Adversity" (melded) {Melee, Alch}
   (You found it on level 2 of the Lair of Beasts)

   It has a curse which improves the following skills: Melee Combat: Short
   Blades, Long Blades, Axes, Maces & Flails, Polearms, Staves and Unarmed
   Combat.
   Alchemy:   Poison Magic and Transmutations.
 T - a +2 hat
Jewellery
 f - an amulet of faith
 m - the cursed amulet of the Sublime Scepticism (around neck) {Regen+, Melee, Cun}
   (You found it on level 2 of the Dungeon)

   [amulet of regeneration]

   Regen+:    It increases your rate of health regeneration.
   It has a curse which improves the following skills: Melee Combat: Short
   Blades, Long Blades, Axes, Maces & Flails, Polearms, Staves and Unarmed
   Combat.
   Cunning:   Dodging and Stealth.
 n - the cursed ring of the Chained Sky (left branch) {rCorr, Fort, Range}
   (You found it on level 3 of the Dungeon)

   [ring of resist corrosion]

   rCorr:     It protects you from acid and corrosion.
   It has a curse which improves the following skills: Fortitude: Armour and
   Shields.
   Ranged Combat: Ranged Weapons and Throwing.
 t - a +6 ring of strength
 z - a +6 ring of intelligence
 G - a ring of flight
 K - the cursed ring "Visionary of Ashenzari" (right branch) {Will+, Self, Cun}
   (You found it on level 2 of the Lair of Beasts)

   [ring of willpower]

   Will+:     It increases your willpower.
   It has a curse which improves the following skills: Introspection: Fighting
   and Spellcasting.
   Cunning:   Dodging and Stealth.
Talismans
 g - a flux talisman
Wands
 r - a wand of mindburst (17)
 A - a wand of flame (25)
 F - a wand of acid (2)
 Q - a wand of digging (6)
 S - a wand of roots (5)
Scrolls
 l - 3 scrolls of vulnerability
 C - 5 scrolls of identify
 D - 3 scrolls of immolation
 E - a scroll of noise
 H - a scroll of fog
 J - 2 scrolls of revelation
 L - a scroll of poison
 P - a scroll of blinking
Potions
 e - 3 potions of mutation
 i - a potion of lignification
 k - 3 potions of degeneration
 o - 4 potions of attraction
 p - 4 potions of curing
 u - 5 potions of brilliance
 N - 6 potions of ambrosia
Miscellaneous
 R - a lightning rod (4/4)


   Skills:
 * Level 17.5(19.2) Fighting
 + Level 16.1(18.7) Maces & Flails
 + Level 11.9(13.7) Armour
 + Level 7.1(9.9) Dodging
 + Level 11.8(13.6) Shields
 - Level 2.2(3.6) Spellcasting
 + Level 2.7 Conjurations
 + Level 3.5 Hexes
 + Level 2.8 Translocations


You had 17 spell levels left.
You knew the following spells:

 Your Spells              Type           Power      Damage    Failure   Level
a - Slow                  Hex            16%        N/A       10%         1
b - Momentum Strike       Conj/Tloc      6%         3d8       21%         2

Your spell library contained the following spells:

 Spells                   Type           Power      Damage    Failure   Level
 Magic Dart               Conj           12%        1d3       14%         1
 Jinxbite                 Hex            8%         N/A       14%         2
 Blink                    Tloc           6%         N/A       19%         2
 Lesser Beckoning         Tloc           6%         N/A       19%         2
 Searing Ray              Conj           6%         2d4       21%         2
 Confusing Touch          Hex            4%         N/A       28%         3
 Sigil of Binding         Hex            4%         N/A       28%         3
 Ensorcelled Hibernation  Hex/Ice        4%         N/A       30%         2
 Passwall                 Tmut/Erth      0%         N/A       52%         2
 Sublimation of Blood     Necr           0%         N/A       52%         2
 Dimensional Bullseye     Hex/Tloc       2%         N/A       73%         4
 Fulminant Prism          Conj/Hex       2%         3d5       75%         4
 Call Canine Familiar     Summ           0%         N/A       77%         3
 Swiftness                Air            0%         N/A       77%         3
 Vampiric Draining        Necr           0%         2d6       77%         3
 Anguish                  Hex/Necr       1%         N/A       89%         4
 Leda's Liquefaction      Hex/Erth       1%         N/A       89%         4
 Petrify                  Tmut/Erth      0%         N/A       99%         4
 Irradiate                Conj/Tmut      1%         3d12      100%        5


Dungeon Overview and Level Annotations

Branches:
Dungeon (9/15)             Temple (1/1) D:7            Lair (5/5) D:9
  Swamp (0/4) Lair:3        Snake (0/4) Lair:3        Slime (0/5) Lair:4
 Bailey (visited)
    Orc: D:9-12

Altars:
Ashenzari
Cheibriados
Elyvilon
Fedhas
Gozag
Hepliaklqana
Kikubaaqudgha
Okawaru
Qazlal
Ru
Trog
Uskayaw
Vehumet
Wu Jian
Xom
Yredelemnul
Zin
The Shining One

Shops:
D:7 !

Annotations:
D:9 1 transporter, exclusion: oklob plant, Hubris850's ghost, novice DsSh


Innate Abilities, Weirdness & Mutations

You are a tree.
Your roots penetrate the ground, keeping you stationary.
You cannot be teleported.
You are immune to unholy pain and torment.
Your maximum health is greatly increased.
Your equipment is partially melded.
((You have a pair of horns on your head.))
((You reflexively headbutt those who attack you in melee.))


Message History

The rust devil barely misses you. The smoke demon gestures at you.
Something smites you!
* * * LOW HITPOINT WARNING * * *
The kobold demonologist begins to cast a cantrip, but forgets the words!
The purple ugly thing barely misses you.
The wraith hits you but does no damage. The manticore bites you!
* * * LOW HITPOINT WARNING * * *
The manticore closely misses you. The manticore claws you.
* * * LOW HITPOINT WARNING * * *
The rust devil splashes around in the water.
You turn into a tree.
The cursed +2 hat "Scepticism of Ashenzari" {Cun, Bglg} melds into your body.
The cursed +4 pair of gloves of Ashenzari's Augurer {rPois Str+4 Stlth+, Cun, Fort} melds into your body.
The cursed +1 pair of boots "Circumscribed Adversity" {Melee, Alch} melds into your body.
Your +0 chain mail melds into your body.
Your roots penetrate the ground.
The vampire hits you.
* * * LOW HITPOINT WARNING * * *
The vampire barely misses you.
The kobold demonologist looks braver for a moment.
The purple ugly thing bites you.
* * * LOW HITPOINT WARNING * * *
The wraith hits you but does no damage. The oklob plant spits acid at you.
The splash of acid hits the vampire!
The manticore bites you!
* * * LOW HITPOINT WARNING * * *
The manticore claws you but does no damage. x2
The rust devil splashes around in the water.
The smoke demon gestures at you. Something smites you!
* * * LOW HITPOINT WARNING * * *
The vampire hits you.
* * * LOW HITPOINT WARNING * * *
The vampire bites you but does no damage.
The kobold demonologist casts a spell.
The purple ugly thing bites you but does no damage.
You are more confused.
You feel more invigorated. The wraith hits you but does no damage.
The manticore bites you!
You die...

..###..##8Wu.~gKK8##..)).........
..##..##uu#{###5#5.##........####
..+..##..W.##.##BW3)##...........
..#..#.#{.##..g##Kg#5#.....######
....©#{#{K#D...{#o5#5#©..#.......
#....#u#{.##...##5K#K#..#########
.....##VWK...,##{DFT##..#
.##...##l.#.###H#WK##..##
..+....##P~....V♣u##..##
.##.....##~.....4##...#
.####'#..##.###.##..#.# ##
#.##..##...##..##'### #
#.#*#..#####........# ## #.#
*#..............#
.####'#####..,..........#
..#[....# ###...........#
........# #...........#


You could see a purple ugly thing, an oklob plant, a manticore, a rust devil
(summoned), 2 kobold demonologists, a troll, a smoke demon (summoned), a vampire
(invisible), a wraith, a steam dragon, 2 kobold brigands, a bullfrog, a boggart,
an orc wizard, a quasit (summoned), Hubris850's ghost, a white imp (summoned), a
shadow imp (summoned) and an ufetubus (summoned).

Vanquished Creatures
  Rupert (Lair:3)
  Gastronok (D:9)
  Erolcha (D:9)
  2 hydras (Lair:3)
  A catoblepas (Lair:4)
  Erica (D:9)
  A centaur warrior (D:9)
  A two-headed ogre (D:8)
  14 death yaks
  A boulder beetle (Lair:5)
  A skyshark (Lair:2)
  A fire crab (Lair:5)
  Pikel (D:9)
  An oklob plant (D:9)
  An ugly thing (D:9)
  An orc knight (Bailey)
  9 elephants
  4 black mambas
  2 torpor snails
  Psyche (D:8)
  Jeremiah (D:8)
  6 cane toads
  A kobold demonologist (D:8)
  4 komodo dragons
  A queen bee (Lair:5)
  11 polar bears
  3 meliai (Lair:5)
  Grinder (D:6)
  A hornet (D:9)
  17 blink frogs
  9 dream sheep
  3 raiju (Lair:5)
  4 wyverns
  40 yaks
  A vampire (D:9)
  5 basilisks
  Grum (D:8)
  2 vampire mosquitoes (D:9)
  2 steam dragons
  6 nagas (Lair:3)
  6 wargs (Lair:5)
  12 hell hounds (Lair:5)
  10 water moccasins
  2 sky beasts
  2 ice beasts
  13 orc warriors
  16 black bears
  22 wolves
  A centaur (D:9)
  A phantom (D:5)
  A lemure (D:9)
  16 kobold brigands
  15 bullfrogs
  4 scorpions
  7 wights
  22 killer bees (Lair:5)
  3 howler monkeys
  A lava snake (D:8)
  5 gnoll boudas
  5 hounds
  7 jellies
  An orc priest (D:9)
  2 sleepcaps
  5 iguanas
  4 orc wizards
  18 gnolls
  10 adders
  4 worms
  4 dart slugs
  25 orcs
  7 ball pythons
  4 bats
  4 endoplasms
  5 giant cockroaches
  8 goblins
  7 hobgoblins
  8 jackals (D:1)
  18 kobolds
  9 quokkas
  7 frilled lizards
  5 rats
491 creatures vanquished.

Vanquished Creatures (others)
  An orc (Bailey)
  3 spectral weapons
4 creatures vanquished.

Grand Total: 495 creatures vanquished

Notes
Turn   | Place    | Note
-------+----------+-------------------------------------------
     0 | D:1      | Frenzy the Minotaur Fighter began the quest for the Orb.
     0 | D:1      | Reached XP level 1. HP: 19/19 MP: 0/0
    93 | D:1      | Reached XP level 2. HP: 27/27 MP: 1/1
   103 | D:1      | Reached skill level 4 in Fighting
   380 | D:1      | Reached XP level 3. HP: 33/33 MP: 2/2
   463 | D:1      | Found a faded altar of an unknown god.
   798 | D:2      | Identified a scroll of acquirement
   798 | D:2      | Acquired the +4 pair of gloves of Follow the Leader {rPois
                  | Str+4 Stlth+}
  1080 | D:2      | Reached XP level 4. HP: 41/41 MP: 3/3
  1410 | D:2      | Reached skill level 5 in Fighting
  1500 | D:3      | Reached XP level 5. HP: 48/48 MP: 4/4
  2728 | D:4      | Identified the +6 hand axe of Antime {heavy, Dex+3}
  3153 | D:5      | Entered Level 5 of the Dungeon
  3178 | D:5      | Noticed a phantom
  3182 | D:5      | Killed a phantom
  3183 | D:5      | Reached skill level 5 in Maces & Flails
  3183 | D:5      | Reached XP level 6. HP: 57/57 MP: 5/5
  3371 | D:5      | Reached skill level 6 in Fighting
  3534 | D:5      | Reached skill level 5 in Armour
  3534 | D:5      | Reached skill level 5 in Shields
  3534 | D:5      | Reached XP level 7. HP: 64/64 MP: 6/6
  3927 | D:5      | Reached skill level 7 in Fighting
  4059 | D:5      | Reached XP level 8. HP: 73/73 MP: 7/7
  4261 | D:6      | Reached skill level 8 in Fighting
  4382 | D:6      | Noticed Grinder
  4390 | D:6      | Killed Grinder
  4708 | D:7      | Found a staircase to the Ecumenical Temple.
  4726 | D:7      | Reached skill level 9 in Fighting
  4726 | D:7      | Reached XP level 9. HP: 74/83 MP: 8/8
  4736 | Temple   | Entered the Ecumenical Temple
  4746 | Temple   | Became a worshipper of Ashenzari the Shackled
  5290 | D:7      | Found a shimmering altar of Xom.
  5290 | D:7      | Found a glowing silver altar of Zin.
  5290 | D:7      | Noticed an angel
  5309 | D:7      | Found Huacuecul's Distillery.
  5346 | D:7      | Bought a potion of curing for 36 gold pieces
  5645 | D:8      | Found a flagged portal.
  5660 | Bailey   | Entered a bailey
  5726 | Bailey   | Reached * piety under Ashenzari
  5798 | Bailey   | Reached skill level 10 in Fighting
  5877 | Bailey   | Reached skill level 10 in Maces & Flails
  5898 | Bailey   | Noticed an orc knight
  5903 | Bailey   | Killed an orc knight
  5911 | Bailey   | HP: 4/86 [orc warrior/+0 glaive (4)]
  5924 | Bailey   | HP: 4/86 [orc warrior/+0 glaive (4)]
  5928 | Bailey   | Reached XP level 10. HP: 8/94 MP: 9/9
  6066 | Bailey   | Reached skill level 12 in Fighting
  6066 | Bailey   | Reached XP level 11. HP: 105/105 MP: 10/10
  6165 | D:8      | Noticed Grum
  6178 | D:8      | Killed Grum
  6330 | D:8      | Noticed a two-headed ogre
  6338 | D:8      | Killed a two-headed ogre
  6339 | D:8      | Reached skill level 13 in Fighting
  6347 | D:8      | Reached ** piety under Ashenzari
  6473 | D:8      | Noticed Jeremiah
  6509 | D:8      | Killed Jeremiah
  6734 | D:8      | Noticed Psyche
  6738 | D:8      | Killed Psyche
  7221 | D:9      | Noticed a red ugly thing
  7232 | D:9      | Noticed a death yak
  7232 | D:9      | Found a staircase to the Lair.
  7277 | D:9      | Killed a death yak
  7278 | D:9      | Reached skill level 14 in Fighting
  7278 | D:9      | Reached skill level 1 in Dodging
  7361 | Lair:1   | Entered Level 1 of the Lair of Beasts
  8002 | Lair:2   | Reached XP level 12. HP: 81/118 MP: 11/11
  8298 | Lair:2   | Reached *** piety under Ashenzari
  8424 | Lair:2   | Reached skill level 15 in Fighting
  8446 | Lair:2   | Reached skill level 10 in Armour
  8556 | Lair:2   | Reached skill level 10 in Shields
  8563 | Lair:2   | Reached **** piety under Ashenzari
  8719 | Lair:3   | Identified the cursed +4 flail "Loss of Ashenzari" {spect,
                  | Melee, Dev} (You took it off a wight on level 8 of the
                  | Dungeon)
  8736 | Lair:3   | Identified the cursed +4 flail "Loss of Ashenzari" {spect,
                  | Melee, Dev} (You took it off a wight on level 8 of the
                  | Dungeon)
  8739 | Lair:3   | Identified the cursed +4 flail "Loss of Ashenzari" {spect,
                  | Melee, Dev} (You took it off a wight on level 8 of the
                  | Dungeon)
  8742 | Lair:3   | Identified the cursed +4 flail "Loss of Ashenzari" {spect,
                  | Melee, Dev} (You took it off a wight on level 8 of the
                  | Dungeon)
  8746 | Lair:3   | Identified the cursed +4 flail "Loss of Ashenzari" {spect,
                  | Melee, Dev} (You took it off a wight on level 8 of the
                  | Dungeon)
  8748 | Lair:3   | Identified the cursed +4 flail "Loss of Ashenzari" {spect,
                  | Melee, Dev} (You took it off a wight on level 8 of the
                  | Dungeon)
  8752 | Lair:3   | Identified the cursed +4 flail "Loss of Ashenzari" {spect,
                  | Melee, Dev} (You took it off a wight on level 8 of the
                  | Dungeon)
  8755 | Lair:3   | Identified the cursed +4 flail "Loss of Ashenzari" {spect,
                  | Melee, Dev} (You took it off a wight on level 8 of the
                  | Dungeon)
  8764 | Lair:3   | Reached skill level 1 in Spellcasting
  8782 | Lair:3   | Identified the cursed +4 flail "Loss of Ashenzari" {spect,
                  | Melee, Dev} (You took it off a wight on level 8 of the
                  | Dungeon)
  8783 | Lair:3   | Reached skill level 1 in Hexes
  8784 | Lair:3   | Identified the cursed +4 flail "Loss of Ashenzari" {spect,
                  | Melee, Dev} (You took it off a wight on level 8 of the
                  | Dungeon)
  8786 | Lair:3   | Reached skill level 15 in Maces & Flails
  8792 | Lair:3   | Noticed an eight-headed hydra
  8795 | Lair:3   | Identified the cursed +4 flail "Loss of Ashenzari" {spect,
                  | Melee, Dev} (You took it off a wight on level 8 of the
                  | Dungeon)
  8799 | Lair:3   | Killed an eight-headed hydra
  8805 | Lair:3   | Identified the cursed +4 flail "Loss of Ashenzari" {spect,
                  | Melee, Dev} (You took it off a wight on level 8 of the
                  | Dungeon)
  8830 | Lair:3   | Noticed a death yak
  8834 | Lair:3   | Identified the cursed +4 flail "Loss of Ashenzari" {spect,
                  | Melee, Dev} (You took it off a wight on level 8 of the
                  | Dungeon)
  8838 | Lair:3   | Identified the cursed +4 flail "Loss of Ashenzari" {spect,
                  | Melee, Dev} (You took it off a wight on level 8 of the
                  | Dungeon)
  8903 | Lair:3   | Identified the cursed +4 flail "Loss of Ashenzari" {spect,
                  | Melee, Dev} (You took it off a wight on level 8 of the
                  | Dungeon)
  8908 | Lair:3   | Identified the cursed +4 flail "Loss of Ashenzari" {spect,
                  | Melee, Dev} (You took it off a wight on level 8 of the
                  | Dungeon)
  8922 | Lair:3   | Found a staircase to the Swamp.
  8922 | Lair:3   | Noticed a six-headed hydra
  8925 | Lair:3   | Identified the cursed +4 flail "Loss of Ashenzari" {spect,
                  | Melee, Dev} (You took it off a wight on level 8 of the
                  | Dungeon)
  8928 | Lair:3   | Killed a six-headed hydra
  8936 | Lair:3   | Identified the cursed +4 flail "Loss of Ashenzari" {spect,
                  | Melee, Dev} (You took it off a wight on level 8 of the
                  | Dungeon)
  8940 | Lair:3   | Reached skill level 5 in Dodging
  8945 | Lair:3   | Identified the cursed +4 flail "Loss of Ashenzari" {spect,
                  | Melee, Dev} (You took it off a wight on level 8 of the
                  | Dungeon)
  8949 | Lair:3   | Identified the cursed +4 flail "Loss of Ashenzari" {spect,
                  | Melee, Dev} (You took it off a wight on level 8 of the
                  | Dungeon)
  8952 | Lair:3   | Identified the cursed +4 flail "Loss of Ashenzari" {spect,
                  | Melee, Dev} (You took it off a wight on level 8 of the
                  | Dungeon)
  8992 | Lair:3   | Noticed a death yak
  8993 | Lair:3   | Noticed a death yak
  8993 | Lair:3   | Noticed a death yak
  8993 | Lair:3   | Noticed a death yak
  8994 | Lair:3   | Noticed a death yak
  8994 | Lair:3   | Noticed a death yak
  8998 | Lair:3   | Identified the cursed +4 flail "Loss of Ashenzari" {spect,
                  | Melee, Dev} (You took it off a wight on level 8 of the
                  | Dungeon)
  9001 | Lair:3   | Identified the cursed +4 flail "Loss of Ashenzari" {spect,
                  | Melee, Dev} (You took it off a wight on level 8 of the
                  | Dungeon)
  9002 | Lair:3   | Killed a death yak
  9003 | Lair:3   | Identified the cursed +4 flail "Loss of Ashenzari" {spect,
                  | Melee, Dev} (You took it off a wight on level 8 of the
                  | Dungeon)
  9005 | Lair:3   | Reached XP level 13. HP: 61/133 MP: 16/16
  9005 | Lair:3   | Noticed Rupert
  9007 | Lair:3   | Identified the cursed +4 flail "Loss of Ashenzari" {spect,
                  | Melee, Dev} (You took it off a wight on level 8 of the
                  | Dungeon)
  9012 | Lair:3   | Identified the cursed +4 flail "Loss of Ashenzari" {spect,
                  | Melee, Dev} (You took it off a wight on level 8 of the
                  | Dungeon)
  9015 | Lair:3   | Identified the cursed +4 flail "Loss of Ashenzari" {spect,
                  | Melee, Dev} (You took it off a wight on level 8 of the
                  | Dungeon)
  9016 | Lair:3   | Identified the cursed +4 flail "Loss of Ashenzari" {spect,
                  | Melee, Dev} (You took it off a wight on level 8 of the
                  | Dungeon)
  9018 | Lair:3   | Reached skill level 16 in Fighting
  9018 | Lair:3   | Identified the cursed +4 flail "Loss of Ashenzari" {spect,
                  | Melee, Dev} (You took it off a wight on level 8 of the
                  | Dungeon)
  9109 | Lair:3   | Identified the cursed +4 flail "Loss of Ashenzari" {spect,
                  | Melee, Dev} (You took it off a wight on level 8 of the
                  | Dungeon)
  9123 | Lair:3   | Identified the cursed +4 flail "Loss of Ashenzari" {spect,
                  | Melee, Dev} (You took it off a wight on level 8 of the
                  | Dungeon)
  9129 | Lair:3   | Identified the cursed +4 flail "Loss of Ashenzari" {spect,
                  | Melee, Dev} (You took it off a wight on level 8 of the
                  | Dungeon)
  9134 | Lair:3   | Identified the cursed +4 flail "Loss of Ashenzari" {spect,
                  | Melee, Dev} (You took it off a wight on level 8 of the
                  | Dungeon)
  9136 | Lair:3   | Identified the cursed +4 flail "Loss of Ashenzari" {spect,
                  | Melee, Dev} (You took it off a wight on level 8 of the
                  | Dungeon)
  9138 | Lair:3   | Identified the cursed +4 flail "Loss of Ashenzari" {spect,
                  | Melee, Dev} (You took it off a wight on level 8 of the
                  | Dungeon)
  9144 | Lair:3   | Identified the cursed +4 flail "Loss of Ashenzari" {spect,
                  | Melee, Dev} (You took it off a wight on level 8 of the
                  | Dungeon)
  9158 | Lair:3   | Identified the cursed +4 flail "Loss of Ashenzari" {spect,
                  | Melee, Dev} (You took it off a wight on level 8 of the
                  | Dungeon)
  9161 | Lair:3   | Identified the cursed +4 flail "Loss of Ashenzari" {spect,
                  | Melee, Dev} (You took it off a wight on level 8 of the
                  | Dungeon)
  9167 | Lair:3   | Identified the cursed +4 flail "Loss of Ashenzari" {spect,
                  | Melee, Dev} (You took it off a wight on level 8 of the
                  | Dungeon)
  9245 | Lair:3   | Identified the cursed +4 flail "Loss of Ashenzari" {spect,
                  | Melee, Dev} (You took it off a wight on level 8 of the
                  | Dungeon)
  9253 | Lair:3   | Identified the cursed +4 flail "Loss of Ashenzari" {spect,
                  | Melee, Dev} (You took it off a wight on level 8 of the
                  | Dungeon)
  9261 | Lair:3   | Killed Rupert
  9316 | Lair:3   | Identified the cursed +4 flail "Loss of Ashenzari" {spect,
                  | Melee, Dev} (You took it off a wight on level 8 of the
                  | Dungeon)
  9365 | Lair:3   | Identified the cursed +4 flail "Loss of Ashenzari" {spect,
                  | Melee, Dev} (You took it off a wight on level 8 of the
                  | Dungeon)
  9490 | Lair:3   | Identified the cursed +4 flail "Loss of Ashenzari" {spect,
                  | Melee, Dev} (You took it off a wight on level 8 of the
                  | Dungeon)
  9529 | Lair:3   | Found a staircase to the Snake Pit.
  9601 | Lair:4   | Identified the cursed +4 flail "Loss of Ashenzari" {spect,
                  | Melee, Dev} (You took it off a wight on level 8 of the
                  | Dungeon)
  9613 | Lair:4   | Learned a level 1 spell: Slow
  9616 | Lair:4   | Learned a level 2 spell: Momentum Strike
  9627 | Lair:4   | Identified the cursed +4 flail "Loss of Ashenzari" {spect,
                  | Melee, Dev} (You took it off a wight on level 8 of the
                  | Dungeon)
  9668 | Lair:4   | Identified the cursed +4 flail "Loss of Ashenzari" {spect,
                  | Melee, Dev} (You took it off a wight on level 8 of the
                  | Dungeon)
  9672 | Lair:4   | Identified the cursed +4 flail "Loss of Ashenzari" {spect,
                  | Melee, Dev} (You took it off a wight on level 8 of the
                  | Dungeon)
  9689 | Lair:4   | Identified the cursed +4 flail "Loss of Ashenzari" {spect,
                  | Melee, Dev} (You took it off a wight on level 8 of the
                  | Dungeon)
  9703 | Lair:4   | Identified the cursed +4 flail "Loss of Ashenzari" {spect,
                  | Melee, Dev} (You took it off a wight on level 8 of the
                  | Dungeon)
  9712 | Lair:4   | Identified the cursed +4 flail "Loss of Ashenzari" {spect,
                  | Melee, Dev} (You took it off a wight on level 8 of the
                  | Dungeon)
  9723 | Lair:4   | Identified the cursed +4 flail "Loss of Ashenzari" {spect,
                  | Melee, Dev} (You took it off a wight on level 8 of the
                  | Dungeon)
  9726 | Lair:4   | Identified the cursed +4 flail "Loss of Ashenzari" {spect,
                  | Melee, Dev} (You took it off a wight on level 8 of the
                  | Dungeon)
  9729 | Lair:4   | Identified the cursed +4 flail "Loss of Ashenzari" {spect,
                  | Melee, Dev} (You took it off a wight on level 8 of the
                  | Dungeon)
  9734 | Lair:4   | Identified the cursed +4 flail "Loss of Ashenzari" {spect,
                  | Melee, Dev} (You took it off a wight on level 8 of the
                  | Dungeon)
  9737 | Lair:4   | Identified the cursed +4 flail "Loss of Ashenzari" {spect,
                  | Melee, Dev} (You took it off a wight on level 8 of the
                  | Dungeon)
  9740 | Lair:4   | Identified the cursed +4 flail "Loss of Ashenzari" {spect,
                  | Melee, Dev} (You took it off a wight on level 8 of the
                  | Dungeon)
  9744 | Lair:4   | Identified the cursed +4 flail "Loss of Ashenzari" {spect,
                  | Melee, Dev} (You took it off a wight on level 8 of the
                  | Dungeon)
  9748 | Lair:4   | Identified the cursed +4 flail "Loss of Ashenzari" {spect,
                  | Melee, Dev} (You took it off a wight on level 8 of the
                  | Dungeon)
  9750 | Lair:4   | Identified the cursed +4 flail "Loss of Ashenzari" {spect,
                  | Melee, Dev} (You took it off a wight on level 8 of the
                  | Dungeon)
  9756 | Lair:4   | Identified the cursed +4 flail "Loss of Ashenzari" {spect,
                  | Melee, Dev} (You took it off a wight on level 8 of the
                  | Dungeon)
  9761 | Lair:4   | Identified the cursed +4 flail "Loss of Ashenzari" {spect,
                  | Melee, Dev} (You took it off a wight on level 8 of the
                  | Dungeon)
  9771 | Lair:4   | Identified the cursed +4 flail "Loss of Ashenzari" {spect,
                  | Melee, Dev} (You took it off a wight on level 8 of the
                  | Dungeon)
  9775 | Lair:4   | Identified the cursed +4 flail "Loss of Ashenzari" {spect,
                  | Melee, Dev} (You took it off a wight on level 8 of the
                  | Dungeon)
  9877 | Lair:4   | Found a staircase to the Slime Pits.
  9883 | Lair:4   | Identified the cursed +4 flail "Loss of Ashenzari" {spect,
                  | Melee, Dev} (You took it off a wight on level 8 of the
                  | Dungeon)
  9893 | Lair:4   | Identified the cursed +4 flail "Loss of Ashenzari" {spect,
                  | Melee, Dev} (You took it off a wight on level 8 of the
                  | Dungeon)
  9896 | Lair:4   | Identified the cursed +4 flail "Loss of Ashenzari" {spect,
                  | Melee, Dev} (You took it off a wight on level 8 of the
                  | Dungeon)
  9899 | Lair:4   | Identified the cursed +4 flail "Loss of Ashenzari" {spect,
                  | Melee, Dev} (You took it off a wight on level 8 of the
                  | Dungeon)
  9906 | Lair:4   | Identified the cursed +4 flail "Loss of Ashenzari" {spect,
                  | Melee, Dev} (You took it off a wight on level 8 of the
                  | Dungeon)
  9909 | Lair:4   | Identified the cursed +4 flail "Loss of Ashenzari" {spect,
                  | Melee, Dev} (You took it off a wight on level 8 of the
                  | Dungeon)
  9911 | Lair:4   | Reached skill level 1 in Translocations
 10006 | Lair:4   | Identified the cursed +4 flail "Loss of Ashenzari" {spect,
                  | Melee, Dev} (You took it off a wight on level 8 of the
                  | Dungeon)
 10016 | Lair:4   | Identified the cursed +4 flail "Loss of Ashenzari" {spect,
                  | Melee, Dev} (You took it off a wight on level 8 of the
                  | Dungeon)
 10027 | Lair:4   | Identified the cursed +4 flail "Loss of Ashenzari" {spect,
                  | Melee, Dev} (You took it off a wight on level 8 of the
                  | Dungeon)
 10029 | Lair:4   | Reached skill level 1 in Conjurations
 10030 | Lair:4   | Identified the cursed +4 flail "Loss of Ashenzari" {spect,
                  | Melee, Dev} (You took it off a wight on level 8 of the
                  | Dungeon)
 10033 | Lair:4   | Identified the cursed +4 flail "Loss of Ashenzari" {spect,
                  | Melee, Dev} (You took it off a wight on level 8 of the
                  | Dungeon)
 10035 | Lair:4   | Identified the cursed +4 flail "Loss of Ashenzari" {spect,
                  | Melee, Dev} (You took it off a wight on level 8 of the
                  | Dungeon)
 10268 | Lair:5   | Entered Level 5 of the Lair of Beasts
 10269 | Lair:5   | Identified the cursed +4 flail "Loss of Ashenzari" {spect,
                  | Melee, Dev} (You took it off a wight on level 8 of the
                  | Dungeon)
 10278 | Lair:5   | Identified the cursed +4 flail "Loss of Ashenzari" {spect,
                  | Melee, Dev} (You took it off a wight on level 8 of the
                  | Dungeon)
 10282 | Lair:5   | Identified the cursed +4 flail "Loss of Ashenzari" {spect,
                  | Melee, Dev} (You took it off a wight on level 8 of the
                  | Dungeon)
 10286 | Lair:5   | Identified the cursed +4 flail "Loss of Ashenzari" {spect,
                  | Melee, Dev} (You took it off a wight on level 8 of the
                  | Dungeon)
 10295 | Lair:5   | Identified the cursed +4 flail "Loss of Ashenzari" {spect,
                  | Melee, Dev} (You took it off a wight on level 8 of the
                  | Dungeon)
 10297 | Lair:5   | Identified the cursed +4 flail "Loss of Ashenzari" {spect,
                  | Melee, Dev} (You took it off a wight on level 8 of the
                  | Dungeon)
 10381 | Lair:5   | Identified the cursed +4 flail "Loss of Ashenzari" {spect,
                  | Melee, Dev} (You took it off a wight on level 8 of the
                  | Dungeon)
 10424 | Lair:5   | Identified the cursed +4 flail "Loss of Ashenzari" {spect,
                  | Melee, Dev} (You took it off a wight on level 8 of the
                  | Dungeon)
 10427 | Lair:5   | Identified the cursed +4 flail "Loss of Ashenzari" {spect,
                  | Melee, Dev} (You took it off a wight on level 8 of the
                  | Dungeon)
 10433 | Lair:5   | Identified the cursed +4 flail "Loss of Ashenzari" {spect,
                  | Melee, Dev} (You took it off a wight on level 8 of the
                  | Dungeon)
 10441 | Lair:5   | Identified the cursed +4 flail "Loss of Ashenzari" {spect,
                  | Melee, Dev} (You took it off a wight on level 8 of the
                  | Dungeon)
 10444 | Lair:5   | Identified the cursed +4 flail "Loss of Ashenzari" {spect,
                  | Melee, Dev} (You took it off a wight on level 8 of the
                  | Dungeon)
 10449 | Lair:5   | Identified the cursed +4 flail "Loss of Ashenzari" {spect,
                  | Melee, Dev} (You took it off a wight on level 8 of the
                  | Dungeon)
 10454 | Lair:5   | Identified the cursed +4 flail "Loss of Ashenzari" {spect,
                  | Melee, Dev} (You took it off a wight on level 8 of the
                  | Dungeon)
 10455 | Lair:5   | Identified the cursed +4 flail "Loss of Ashenzari" {spect,
                  | Melee, Dev} (You took it off a wight on level 8 of the
                  | Dungeon)
 10458 | Lair:5   | Identified the cursed +4 flail "Loss of Ashenzari" {spect,
                  | Melee, Dev} (You took it off a wight on level 8 of the
                  | Dungeon)
 10461 | Lair:5   | Identified the cursed +4 flail "Loss of Ashenzari" {spect,
                  | Melee, Dev} (You took it off a wight on level 8 of the
                  | Dungeon)
 10469 | Lair:5   | Identified the cursed +4 flail "Loss of Ashenzari" {spect,
                  | Melee, Dev} (You took it off a wight on level 8 of the
                  | Dungeon)
 10473 | Lair:5   | Identified the cursed +4 flail "Loss of Ashenzari" {spect,
                  | Melee, Dev} (You took it off a wight on level 8 of the
                  | Dungeon)
 10563 | Lair:5   | Identified the cursed +4 flail "Loss of Ashenzari" {spect,
                  | Melee, Dev} (You took it off a wight on level 8 of the
                  | Dungeon)
 10567 | Lair:5   | Identified the cursed +4 flail "Loss of Ashenzari" {spect,
                  | Melee, Dev} (You took it off a wight on level 8 of the
                  | Dungeon)
 10591 | Lair:5   | Identified the cursed +4 flail "Loss of Ashenzari" {spect,
                  | Melee, Dev} (You took it off a wight on level 8 of the
                  | Dungeon)
 10596 | Lair:5   | Identified the cursed +4 flail "Loss of Ashenzari" {spect,
                  | Melee, Dev} (You took it off a wight on level 8 of the
                  | Dungeon)
 10600 | Lair:5   | Identified the cursed +4 flail "Loss of Ashenzari" {spect,
                  | Melee, Dev} (You took it off a wight on level 8 of the
                  | Dungeon)
 10622 | Lair:5   | Identified the cursed +4 flail "Loss of Ashenzari" {spect,
                  | Melee, Dev} (You took it off a wight on level 8 of the
                  | Dungeon)
 10656 | Lair:5   | Identified the cursed +4 flail "Loss of Ashenzari" {spect,
                  | Melee, Dev} (You took it off a wight on level 8 of the
                  | Dungeon)
 10658 | Lair:5   | Identified the cursed +4 flail "Loss of Ashenzari" {spect,
                  | Melee, Dev} (You took it off a wight on level 8 of the
                  | Dungeon)
 10661 | Lair:5   | Identified the cursed +4 flail "Loss of Ashenzari" {spect,
                  | Melee, Dev} (You took it off a wight on level 8 of the
                  | Dungeon)
 10677 | Lair:5   | Identified the cursed +4 flail "Loss of Ashenzari" {spect,
                  | Melee, Dev} (You took it off a wight on level 8 of the
                  | Dungeon)
 10680 | Lair:5   | Identified the cursed +4 flail "Loss of Ashenzari" {spect,
                  | Melee, Dev} (You took it off a wight on level 8 of the
                  | Dungeon)
 10684 | Lair:5   | Identified the cursed +4 flail "Loss of Ashenzari" {spect,
                  | Melee, Dev} (You took it off a wight on level 8 of the
                  | Dungeon)
 10686 | Lair:5   | Reached XP level 14. HP: 59/144 MP: 18/18
 10686 | Lair:5   | Identified the cursed +4 flail "Loss of Ashenzari" {spect,
                  | Melee, Dev} (You took it off a wight on level 8 of the
                  | Dungeon)
 10692 | Lair:5   | Identified the cursed +4 flail "Loss of Ashenzari" {spect,
                  | Melee, Dev} (You took it off a wight on level 8 of the
                  | Dungeon)
 10698 | Lair:5   | Reached skill level 17 in Fighting
 10699 | Lair:5   | Identified the cursed +4 flail "Loss of Ashenzari" {spect,
                  | Melee, Dev} (You took it off a wight on level 8 of the
                  | Dungeon)
 10855 | Lair:5   | Identified the cursed +4 flail "Loss of Ashenzari" {spect,
                  | Melee, Dev} (You took it off a wight on level 8 of the
                  | Dungeon)
 10859 | Lair:5   | Identified the cursed +4 flail "Loss of Ashenzari" {spect,
                  | Melee, Dev} (You took it off a wight on level 8 of the
                  | Dungeon)
 10862 | Lair:5   | Identified the cursed +4 flail "Loss of Ashenzari" {spect,
                  | Melee, Dev} (You took it off a wight on level 8 of the
                  | Dungeon)
 10866 | Lair:5   | Identified the cursed +4 flail "Loss of Ashenzari" {spect,
                  | Melee, Dev} (You took it off a wight on level 8 of the
                  | Dungeon)
 10883 | Lair:5   | Identified the cursed +4 flail "Loss of Ashenzari" {spect,
                  | Melee, Dev} (You took it off a wight on level 8 of the
                  | Dungeon)
 10891 | Lair:5   | Identified the cursed +4 flail "Loss of Ashenzari" {spect,
                  | Melee, Dev} (You took it off a wight on level 8 of the
                  | Dungeon)
 10897 | Lair:5   | Identified the cursed +4 flail "Loss of Ashenzari" {spect,
                  | Melee, Dev} (You took it off a wight on level 8 of the
                  | Dungeon)
 10900 | Lair:5   | Identified the cursed +4 flail "Loss of Ashenzari" {spect,
                  | Melee, Dev} (You took it off a wight on level 8 of the
                  | Dungeon)
 10903 | Lair:5   | Identified the cursed +4 flail "Loss of Ashenzari" {spect,
                  | Melee, Dev} (You took it off a wight on level 8 of the
                  | Dungeon)
 10908 | Lair:5   | Identified the cursed +4 flail "Loss of Ashenzari" {spect,
                  | Melee, Dev} (You took it off a wight on level 8 of the
                  | Dungeon)
 10912 | Lair:5   | Identified the cursed +4 flail "Loss of Ashenzari" {spect,
                  | Melee, Dev} (You took it off a wight on level 8 of the
                  | Dungeon)
 10922 | Lair:5   | Identified the cursed +4 flail "Loss of Ashenzari" {spect,
                  | Melee, Dev} (You took it off a wight on level 8 of the
                  | Dungeon)
 11046 | Lair:5   | Identified the cursed +4 flail "Loss of Ashenzari" {spect,
                  | Melee, Dev} (You took it off a wight on level 8 of the
                  | Dungeon)
 11051 | Lair:5   | Identified the cursed +4 flail "Loss of Ashenzari" {spect,
                  | Melee, Dev} (You took it off a wight on level 8 of the
                  | Dungeon)
 11052 | Lair:5   | Identified the cursed +4 flail "Loss of Ashenzari" {spect,
                  | Melee, Dev} (You took it off a wight on level 8 of the
                  | Dungeon)
 11053 | Lair:5   | Identified the cursed +4 flail "Loss of Ashenzari" {spect,
                  | Melee, Dev} (You took it off a wight on level 8 of the
                  | Dungeon)
 11071 | Lair:5   | Identified the cursed +4 flail "Loss of Ashenzari" {spect,
                  | Melee, Dev} (You took it off a wight on level 8 of the
                  | Dungeon)
 11074 | Lair:5   | Identified the cursed +4 flail "Loss of Ashenzari" {spect,
                  | Melee, Dev} (You took it off a wight on level 8 of the
                  | Dungeon)
 11079 | Lair:5   | Identified the cursed +4 flail "Loss of Ashenzari" {spect,
                  | Melee, Dev} (You took it off a wight on level 8 of the
                  | Dungeon)
 11082 | Lair:5   | Identified the cursed +4 flail "Loss of Ashenzari" {spect,
                  | Melee, Dev} (You took it off a wight on level 8 of the
                  | Dungeon)
 11103 | Lair:5   | Acquired 735 gold pieces
 11115 | Lair:5   | Identified the cursed +4 flail "Loss of Ashenzari" {spect,
                  | Melee, Dev} (You took it off a wight on level 8 of the
                  | Dungeon)
 11124 | Lair:5   | Identified the cursed +4 flail "Loss of Ashenzari" {spect,
                  | Melee, Dev} (You took it off a wight on level 8 of the
                  | Dungeon)
 11130 | Lair:5   | Identified the cursed +4 flail "Loss of Ashenzari" {spect,
                  | Melee, Dev} (You took it off a wight on level 8 of the
                  | Dungeon)
 11135 | Lair:5   | Identified the cursed +4 flail "Loss of Ashenzari" {spect,
                  | Melee, Dev} (You took it off a wight on level 8 of the
                  | Dungeon)
 11497 | Lair:3   | Identified the cursed +4 flail "Loss of Ashenzari" {spect,
                  | Melee, Dev} (You took it off a wight on level 8 of the
                  | Dungeon)
 11689 | D:9      | Noticed Hubris850's ghost (novice DsSh)
 11699 | D:9      | Found a transporter.
 11706 | D:9      | Identified the cursed +4 flail "Loss of Ashenzari" {spect,
                  | Melee, Dev} (You took it off a wight on level 8 of the
                  | Dungeon)
 11707 | D:9      | Noticed Erica
 11708 | D:9      | Identified the cursed +4 flail "Loss of Ashenzari" {spect,
                  | Melee, Dev} (You took it off a wight on level 8 of the
                  | Dungeon)
 11711 | D:9      | Noticed Erolcha
 11713 | D:9      | Identified the cursed +4 flail "Loss of Ashenzari" {spect,
                  | Melee, Dev} (You took it off a wight on level 8 of the
                  | Dungeon)
 11717 | D:9      | Killed Erica
 11719 | D:9      | Identified the cursed +4 flail "Loss of Ashenzari" {spect,
                  | Melee, Dev} (You took it off a wight on level 8 of the
                  | Dungeon)
 11725 | D:9      | Identified the cursed +4 flail "Loss of Ashenzari" {spect,
                  | Melee, Dev} (You took it off a wight on level 8 of the
                  | Dungeon)
 11730 | D:9      | Killed Erolcha
 11730 | D:9      | Identified the cursed +4 flail "Loss of Ashenzari" {spect,
                  | Melee, Dev} (You took it off a wight on level 8 of the
                  | Dungeon)
 11759 | D:9      | Identified the cursed +4 flail "Loss of Ashenzari" {spect,
                  | Melee, Dev} (You took it off a wight on level 8 of the
                  | Dungeon)
 11766 | D:9      | Found a transporter.
 11770 | D:9      | Identified the cursed +4 flail "Loss of Ashenzari" {spect,
                  | Melee, Dev} (You took it off a wight on level 8 of the
                  | Dungeon)
 11772 | D:9      | Identified the cursed +4 flail "Loss of Ashenzari" {spect,
                  | Melee, Dev} (You took it off a wight on level 8 of the
                  | Dungeon)
 11773 | D:9      | Noticed Pikel
 11780 | D:9      | Identified the cursed +4 flail "Loss of Ashenzari" {spect,
                  | Melee, Dev} (You took it off a wight on level 8 of the
                  | Dungeon)
 11781 | D:9      | Killed Pikel
 11815 | D:9      | Noticed Gastronok
 11833 | D:9      | Killed Gastronok
 11950 | D:9      | Identified the cursed +4 flail "Loss of Ashenzari" {spect,
                  | Melee, Dev} (You took it off a wight on level 8 of the
                  | Dungeon)
 11986 | D:9      | Identified the cursed +4 flail "Loss of Ashenzari" {spect,
                  | Melee, Dev} (You took it off a wight on level 8 of the
                  | Dungeon)
 11989 | D:9      | Identified the cursed +4 flail "Loss of Ashenzari" {spect,
                  | Melee, Dev} (You took it off a wight on level 8 of the
                  | Dungeon)
 11991 | D:9      | Identified the cursed +4 flail "Loss of Ashenzari" {spect,
                  | Melee, Dev} (You took it off a wight on level 8 of the
                  | Dungeon)
 11994 | D:9      | Identified the cursed +4 flail "Loss of Ashenzari" {spect,
                  | Melee, Dev} (You took it off a wight on level 8 of the
                  | Dungeon)
 12224 | D:9      | Identified the cursed +4 flail "Loss of Ashenzari" {spect,
                  | Melee, Dev} (You took it off a wight on level 8 of the
                  | Dungeon)
 12230 | D:9      | Identified the cursed +4 flail "Loss of Ashenzari" {spect,
                  | Melee, Dev} (You took it off a wight on level 8 of the
                  | Dungeon)
 12232 | D:9      | Identified the cursed +4 flail "Loss of Ashenzari" {spect,
                  | Melee, Dev} (You took it off a wight on level 8 of the
                  | Dungeon)
 12240 | D:9      | Identified the cursed +4 flail "Loss of Ashenzari" {spect,
                  | Melee, Dev} (You took it off a wight on level 8 of the
                  | Dungeon)
 12241 | D:9      | Identified the cursed +4 flail "Loss of Ashenzari" {spect,
                  | Melee, Dev} (You took it off a wight on level 8 of the
                  | Dungeon)
 12244 | D:9      | Identified the cursed +4 flail "Loss of Ashenzari" {spect,
                  | Melee, Dev} (You took it off a wight on level 8 of the
                  | Dungeon)
 12250 | D:9      | HP: 5/219 [smoke demon/divine providence[a boggart] (10)]
 12250 | D:9      | HP: 1/219 [vampire (4)]
 12251 | D:9      | Slain by a manticore

Illustrated notes

Levels and vault maps discovered:
D:1:      giann_horns, layout_rooms, serial_forest,
          infiniplex_forest_clump_long, infiniplex_forest_lined_1,
          infiniplex_forest_end_2, infiniplex_forest_end_3,
          infiniplex_forest_end_1, infiniplex_forest_end_3,
          infiniplex_forest_clump_tiny, infiniplex_forest_lined_3_way,
          hellmonk_ecumenical_altar_crossroads, minivault_11
D:2:      layout_basic
D:3:      layout_loops_corners
D:4:      layout_basic, cheibrodos_sewer_entry_bend
D:5:      layout_loops_corners, grunt_tough_drop
D:6:      layout_loops_ring, mainiacjoe_overflow_alcove_3, uniq_grinder
D:7:      layout_loops_corners, grunt_temple_overflow_order_and_chaos_1,
          minmay_temple_entry_crystal_x, serial_shops,
          nicolae_shop_pleasant_corner_grove, minmay_shop_grid_forest,
          chequers_serial_rivers_room_a
D:8:      layout_basic, enter_bailey_4, special_room [special_room_kobold],
          kennysheep_dice, uniq_prince_ribbit1, uniq_jeremiah, uniq_grum,
          uniq_psyche
D:9:      layout_basic, david_lair_generic, nzn_ghost_randoct, uniq_gastronok,
          uniq_erolcha, uniq_pikel, uniq_erica
Temple:   eino_temple_rhombus
Lair:1:   layout_loops_ring, chequers_serial_rivers_room_a,
          serial_bayou_lagoon_a, nicolae_quartered_pool_little,
          grunt_megastairs_2
Lair:2:   layout_regular_city, dreamdust_gnoll_shepherd, serial_bayou_shore_a,
          lemuel_fruit_fields
Lair:3:   layout_regular_city, minmay_swamp_entry_reptiles,
          minmay_snake_entry_guardpost_medium, serial_bayou_pond_e,
          nicolae_lair_lil_pond, uniq_rupert
Lair:4:   layout_hall_layers, nicolae_slime_entry_field_trip
Lair:5:   hangedman_lair_caniforms_friends, layout_cave_shapes, special_room
          [special_room_bee]

Skill      XL: |  1  2  3  4  5  6  7  8  9 10 11 12 13 14 |
---------------+-------------------------------------------+-----
Fighting       | 4 5 6 7 9 10 12 14 15 16 17 | 17.5
Maces & Flails | 3 4 5 7 8 10 14 15 16 | 16.1
Armour         | 4 5 6 7 9 10 11 | 11.9
Shields        | 4 5 6 7 9 10 11 | 11.8
Dodging        | 2 5 6 7 |  7.1
Spellcasting   | 1 2 |  2.2
Hexes          | 1 2 3 |  3.5
Translocations | 1 2 |  2.8
Conjurations   | 1 2 |  2.7

Action                     |  1- 3 |  4- 6 |  7- 9 | 10-12 | 13-15 || total
---------------------------+-------+-------+-------+-------+-------++-------
  Melee: Flail             |    97 |   108 |   210 |   380 |   498 ||  1293
         Headbutt          |    13 |    14 |    44 |    89 |   124 ||   284
 Invoke: Curse Item        |       |       |     2 |     4 |     1 ||     7
  Evoke: Wand              |       |       |     5 |     3 |     3 ||    11
    Use: Scroll            |     2 |     4 |     7 |     2 |     4 ||    19
         Potion            |       |       |     3 |     8 |     8 ||    19
   Stab: Distracted        |       |       |     2 |     4 |     3 ||     9
 Armour: Scale mail        |    74 |    80 |       |       |       ||   154
         Chain mail        |       |    13 |   251 |   383 |   494 ||  1141
         Skin              |       |       |       |       |    11 ||    11
  Dodge: Dodged            |    61 |    42 |   126 |   205 |   368 ||   802
  Block: Buckler           |    21 |    28 |    66 |   135 |   202 ||   452

Table legend: (Time is in decaauts)
 A = Elapsed time spent in this place.
 B = Non-inter-level travel time spent in this place.
 C = Inter-level travel time spent in this place.
 D = Time resting spent in this place.
 E = Time spent auto-exploring this place.
 F = Levels seen in this place.
 G = Mean time per level.
                   A        B        C        D        E       F      G
               +--------+--------+--------+--------+--------+-----+--------+
         Total |  12097 |   8687 |   3410 |      0 |      0 |  16 |  756.1 |
       Dungeon |   7503 |   6244 |   1259 |      0 |      0 |   9 |  833.7 |
        Temple |     20 |      3 |     17 |      0 |      0 |   1 |   20.0 |
          Lair |   4140 |   2006 |   2134 |      0 |      0 |   5 |  828.0 |
        Bailey |    432 |    432 |      0 |      0 |      0 |   1 |  432.0 |
               +--------+--------+--------+--------+--------+-----+--------+

Top non-repeatable levels by time:
  Lair:5: 1134 daAuts
     D:8: 1046 daAuts
     D:5: 926 daAuts
     D:3: 902 daAuts
  Lair:3: 881 daAuts
     D:7: 873 daAuts
     D:4: 815 daAuts
     D:9: 813 daAuts
     D:2: 770 daAuts
  Lair:2: 743 daAuts
  Lair:1: 718 daAuts
     D:1: 717 daAuts
  Lair:4: 662 daAuts
     D:6: 639 daAuts
  Bailey: 432 daAuts
